 Dungeon Crawl Stone Soup version 0.27-a0-828-g8289197e94 (webtiles) character file.

Game seed: 6969280064378229888

310 jestyr24 the Shield-Bearer (level 6, -6/55 HPs)
             Began as a Minotaur Fighter on Mar 31, 2021.
             Mangled by an ogre
             ... wielding a +0 giant club
              (19 damage)
             ... on level 3 of the Dungeon.
             The game lasted 00:08:38 (3202 turns).

jestyr24 the Shield-Bearer (Minotaur Fighter)       Turns: 3202, Time: 00:08:38

Health: -6/55      AC:  8    Str: 23    XL:     6   Next: 18%
Magic:  5/5        EV:  8    Int:  5    God:
Gold:   172        SH: 10    Dex:  9    Spells: 5/5 levels left

rFire    . . .     SeeInvis .   a - +0 long sword
rCold    . . .     Faith    .   c - +0 kite shield
rNeg     . . .     Spirit   .   b - +0 scale mail
rPois    .         Reflect  .   (helmet restricted)
rElec    .         Harm     .   o - +0 cloak
rCorr    .         Rampage  .   (no gloves)
Will     .....                  (no boots)
Stlth    ..........             (no amulet)
HPRegen  0.18/turn              (no ring)
MPRegen  0.09/turn              (no ring)

@: no status effects
A: horns 2, retaliatory headbutt
a: no special abilities


You were on level 3 of the Dungeon.
You visited 1 branch of the dungeon, and saw 4 of its levels.

You collected 172 gold pieces.

Inventory:

Hand Weapons
 a - a +0 long sword (weapon)
 u - a +2 vampiric hand axe
Missiles
 h - 2 silver javelins (quivered)
 q - 26 poisoned darts
Armour
 b - a +0 scale mail (worn)
 c - a +0 kite shield (worn)
 o - a +0 cloak (worn)
Wands
 l - a wand of random effects (11)
Scrolls
 e - a scroll of identify {unknown}
 i - 3 scrolls of teleportation {unknown}
 p - a scroll of enchant weapon {unknown}
 s - a scroll of fear {unknown}
 t - a scroll of noise {unknown}
Potions
 d - a potion of might
 f - a potion of berserk rage {unknown}
 g - a potion of attraction {unknown}
 j - a potion of curing {unknown}
 k - a potion of degeneration {unknown}
 m - a potion of lignification {unknown}
 n - a potion of heal wounds {unknown}
 r - a potion of magic {unknown}
 v - 2 potions of flight {unknown}


   Skills:
 * Level 4.9 Fighting
 + Level 4.2 Long Blades
 + Level 4.9 Armour
 + Level 2.1 Dodging
 + Level 5.2 Shields


You had 5 spell levels left.
You didn't know any spells.
Your spell library contained the following spells:

 Spells                   Type           Power      Damage    Failure   Level
 Animate Skeleton         Necr           0%         N/A       99%         1
 Apportation              Tloc           0%         N/A       99%         1
 Corona                   Hex            0%         N/A       99%         1
 Magic Dart               Conj           0%         1d3       99%         1
 Summon Small Mammal      Summ           0%         N/A       99%         1
 Blink                    Tloc           N/A        N/A       100%        2
 Call Imp                 Summ           0%         N/A       100%        2
 Slow                     Hex            0%         N/A       100%        2
 Conjure Flame            Conj/Fire      0%         6-21      100%        3
 Mephitic Cloud           Conj/Pois/Air  0%         N/A       100%        3


Dungeon Overview and Level Annotations

Branches:
Dungeon (4/15)
 Temple: D:4-7

Altars:
Uskayaw

Annotations:
D:4 Robin


Innate Abilities, Weirdness & Mutations

You have a pair of horns on your head.
You reflexively headbutt those who attack you in melee.


Message History

You block Robin's attack. The goblin hits you with a +0 club.
You barely miss the kobold.
Robin hits you from afar with a +2 spear of venom!
You are poisoned.
You block the goblin's attack.
The kobold hits you with a +0 short sword.
You hit the kobold.
You headbutt the kobold, but do no damage.
The kobold is moderately wounded.
You feel very sick. You block Robin's attack.
The goblin hits you with a +0 club. The kobold hits you but does no damage.
Robin roars a battlecry!
The goblins go into a battle-frenzy!
The goblin hits you but does no damage. You block the kobold's attack.
You hear a shout!
You hit the goblin.
The goblin is severely wounded.
You feel very sick. You block Robin's attack.
The goblin hits you but does no damage. You block the kobold's attack.
You feel sick. The goblin hits you with a +0 club.
You feel sick. You block the goblin's attack.
You feel sick.
You feel sick. Robin throws the goblin at you!
You feel sick. The goblin closely misses you. You furiously retaliate!
You headbutt the goblin!
You kill the goblin!
You feel sick. The goblin hits you but does no damage.
There is a stone staircase leading up here.
You feel sick.
You are no longer poisoned.
The ogre closely misses you. The goblin hits you but does no damage.
You climb upwards.
There is a stone staircase leading down here.
You hit the ogre. Your headbutt misses the ogre.
The ogre is lightly wounded.
The goblin hits you but does no damage.
The ogre hits you with a +0 giant club!!
You die...

########### #.........#
#.........# #.........#
########.........#
.................#
########.......g.######
..(...).........@O....#
##.######..#####.####.#
#.####.............#.#
##.......#..####.##.#.#
.#........>.#.....#.#.#
.........##.#.##..#.#.#
#........##.......#.#.#
.........###..##..#.#.#
#.###.........##..#.#.#######


You could see an ogre and a goblin (strong).

Vanquished Creatures
  A kobold brigand (D:3)
  Natasha (thrice) (D:2)
  4 gnolls (D:3)
  5 adders
  A white imp (D:2)
  2 worms
  A dart slug (D:3)
  5 bats
  6 endoplasms
  3 giant cockroaches
  7 goblins
  8 hobgoblins
  3 jackals (D:1)
  13 kobolds
  A quokka (D:2)
  A ball python (D:3)
  2 frilled lizards
  6 rats
72 creatures vanquished.

Notes
Turn   | Place    | Note
-------+----------+-------------------------------------------
     0 | D:1      | jestyr24 the Minotaur Fighter began the quest for the Orb.
     0 | D:1      | Reached XP level 1. HP: 19/19 MP: 0/0
   216 | D:1      | Reached XP level 2. HP: 27/27 MP: 1/1
   456 | D:1      | Reached skill level 4 in Shields
   826 | D:2      | Reached XP level 3. HP: 4/33 MP: 2/2
  1176 | D:2      | Noticed Natasha
  1190 | D:2      | Killed Natasha
  1191 | D:2      | Reached XP level 4. HP: 9/40 MP: 3/3
  1608 | D:2      | Noticed Natasha
  1613 | D:2      | Killed Natasha
  1652 | D:2      | Noticed Natasha
  1660 | D:2      | Killed Natasha
  1661 | D:2      | Reached skill level 1 in Dodging
  1686 | D:2      | Found a hide-covered altar of Uskayaw.
  1838 | D:2      | Reached XP level 5. HP: 44/47 MP: 4/4
  1870 | D:2      | Reached skill level 5 in Shields
  2537 | D:3      | Reached XP level 6. HP: 29/55 MP: 5/5
  2949 | D:4      | Noticed Robin
  3202 | D:3      | Mangled by an ogre

Illustrated notes

Levels and vault maps discovered:
D:1:      dpeg_arrival_stone_temple_mockup, layout_loops_ring
D:2:      layout_loops_ring, eat_drink_and_be_merry_uskayaw, minmay_tall_x,
          uniq_natasha
D:3:      cheibrodos_thug_alley, layout_basic, minmay_between
D:4:      layout_rooms, bloody_trog, minmay_temple_entry_wispy, uniq_robin

Skill      XL: |  1  2  3  4  5 |
---------------+----------------+-----
Armour         | 4 |  4.9
Shields        | 4 5 |  5.2
Fighting       | 4 |  4.9
Long Blades    | 3 4 |  4.2
Dodging        | 1 2 |  2.1

Action                   |  1- 3 |  4- 6 || total
-------------------------+-------+-------++-------
Melee: Long sword        |    52 |   115 ||   167
       Headbutt          |    12 |    19 ||    31
Armor: Scale mail        |    36 |    51 ||    87
Dodge: Dodged            |    19 |    53 ||    72
Block: Kite shield       |    31 |    77 ||   108
       Rpst.: Long sword |     3 |    12 ||    15

Table legend: (Time is in decaauts)
 A = Elapsed time spent in this place.
 B = Non-inter-level travel time spent in this place.
 C = Inter-level travel time spent in this place.
 D = Time resting spent in this place.
 E = Time spent auto-exploring this place.
 F = Levels seen in this place.
 G = Mean time per level.
                   A        B        C        D        E       F      G
               +--------+--------+--------+--------+--------+-----+--------+
         Total |   3295 |   3214 |     81 |    686 |   1785 |   4 |  823.8 |
       Dungeon |   3295 |   3214 |     81 |    686 |   1785 |   4 |  823.8 |
               +--------+--------+--------+--------+--------+-----+--------+

Top non-repeatable levels by time:
     D:2: 1333 daAuts
     D:3: 1105 daAuts
     D:1: 821 daAuts
     D:4: 35 daAuts
